AoeStats
← VX | Oblígame Perro!

MegaRandom

506959111Analyzed
4v4 RM · 17d ago on Sep 16, 2026· 61m 53s· 8 players
Game mode
Random Map
Map size
Large (8 player)
Population
200
Speed
Normal
Resources
Standard
Victory
Conquest
Starting age
Dark Age
Ending age
Imperial Age
RankedLock teamsTeams togetherTeam positionsShared explorationLock speedFull tech treeHidden civsTurbo modeCheats
Victory
Defeat
🇺🇸 Mongols · United States
1512
+13
🇨🇴 Berbers · Colombia
1497
+13
🇯🇴 Ethiopians · Jordan
1474
+14
🇺🇸 Turks · United States
1406
+17
🇲🇽 Maya · Mexico
1465
-16
1461
-15
🇨🇳 Berbers · China
1437
-14
🇲🇽 Mongols · Mexico
1385
-12
GatorGottaEat
7:20 Loom
11:04 Feudal Age
13:05 Wheelbarrow
16:27 Castle Age
14:58 Double-Bit Axe
17:19 Scale Barding Armor
23:02 Scale Barding Armor
24:04 Bow Saw
25:08 Bloodlines
25:56 Horse Collar
27:19 Forging
29:02 Fletching
29:12 Padded Archer Armor
30:42 Leather Archer Armor
31:34 Bodkin Arrow
33:02 Heavy Plow
34:43 Husbandry
37:49 Imperial Age
37:08 Sipahi
37:24 Ballistics
37:01 Stone Mining
37:02 Gold Mining
38:07 Thumb Ring
38:59 Parthian Tactics
39:13 Bracer
40:01 Iron Casting
40:23 Hand Cart
41:17 Murder Holes
42:23 Masonry
42:30 Heavy Camel Rider
45:15 Town Watch
46:32 Two-Man Saw
46:19 Town Patrol
48:03 Chain Barding Armor
48:40 Caravan
50:49 Plate Barding Armor
51:54 Conscription
56:58 Architecture
58:12 Blast Furnace
Dwarf king
8:36 Loom
10:43 Feudal Age
12:03 Loom
12:22 Loom
15:29 Castle Age
13:38 Double-Bit Axe
15:07 Stone Mining
21:17 Fletching
23:08 Bow Saw
23:40 Padded Archer Armor
32:06 Husbandry
33:13 Bloodlines
34:12 Bodkin Arrow
36:20 Leather Archer Armor
37:21 Ballistics
42:38 Imperial Age
41:10 Wheelbarrow
41:11 Gold Mining
41:45 Thumb Ring
44:22 Chemistry
43:24 Bracer
44:17 Hand Cart
44:38 Parthian Tactics
48:43 Elite Mangudai
50:22 Scale Barding Armor
50:28 Forging
49:41 Capped Ram
51:00 Gold Shaft Mining
54:57 Conscription
56:15 Caravan
57:53 Hoardings
Giacomo
7:59 Loom
10:30 Feudal Age
11:48 Double-Bit Axe
12:45 Horse Collar
16:13 Scale Barding Armor
19:47 Wheelbarrow
22:53 Castle Age
21:45 Bloodlines
23:13 Gold Mining
23:52 Bow Saw
24:48 Chain Barding Armor
27:18 Forging
30:02 Forging
30:48 Husbandry
33:38 Iron Casting
37:33 Imperial Age
36:52 Heavy Plow
38:59 Plate Barding Armor
38:01 Cavalier
39:54 Conscription
41:52 Blast Furnace
43:01 Hand Cart
43:19 Ballistics
43:27 Fletching
43:25 Light Cavalry
44:24 Bodkin Arrow
45:47 Bracer
47:05 Chemistry
46:43 Padded Archer Armor
47:08 Kasbah
48:05 Hussar
49:53 Leather Archer Armor
49:03 Elite Camel Archer
51:48 Ring Archer Armor
52:08 Caravan
56:26 Town Watch
57:22 Maghrebi Camels
59:23 Town Patrol
60:23 Hoardings
61:58 Guilds
62:18 Coinage
JoC-Rui
6:27 Loom
9:56 Feudal Age
10:48 Double-Bit Axe
17:07 Fletching
21:42 Wheelbarrow
25:37 Castle Age
23:57 Horse Collar
24:58 Padded Archer Armor
25:15 Gold Mining
25:38 Crossbowman
26:14 Bodkin Arrow
26:41 Bow Saw
27:59 Ballistics
30:49 Heavy Plow
33:50 Leather Archer Armor
35:45 Thumb Ring
35:44 Squires
36:35 Hand Cart
41:12 Imperial Age
41:13 Arbalester
41:54 Bracer
41:15 Elite Skirmisher
43:01 Chemistry
43:13 Two-Man Saw
43:44 Ring Archer Armor
44:49 Gold Shaft Mining
44:13 Halberdier
44:54 Squires
44:55 Scale Mail Armor
45:05 Forging
45:56 Chain Mail Armor
45:45 Town Watch
47:33 Iron Casting
49:13 Caravan
49:56 Plate Mail Armor
50:11 Stone Mining
51:25 Masonry
53:56 Two-Man Saw
55:27 Coinage
56:45 Banking
57:16 Stone Shaft Mining
58:42 Guilds
VX | PacoJaramillo
7:32 Loom
9:59 Feudal Age
10:51 Double-Bit Axe
18:26 Forging
18:24 Scale Barding Armor
19:44 Bloodlines
20:12 Wheelbarrow
23:42 Castle Age
23:18 Gold Mining
23:14 Horse Collar
24:31 Husbandry
25:14 Chain Barding Armor
25:09 Bow Saw
26:01 Gold Shaft Mining
37:14 Padded Archer Armor
37:04 Fletching
39:46 Imperial Age
38:27 Forging
38:26 Light Cavalry
39:24 Leather Archer Armor
39:05 Bodkin Arrow
41:20 Bracer
42:29 Chemistry
41:53 Conscription
47:15 Ballistics
51:50 Caravan
57:18 Hand Cart
56:49 Town Watch
57:59 Iron Casting
OzoneMX2022
0:27 Loom
9:58 Feudal Age
14:05 Fletching
24:15 Castle Age
23:08 Double-Bit Axe
23:55 Gold Mining
23:46 Horse Collar
24:19 Crossbowman
26:40 Bodkin Arrow
28:27 Ballistics
28:26 Padded Archer Armor
29:43 Thumb Ring
31:21 Bow Saw
33:49 Leather Archer Armor
35:49 Wheelbarrow
40:58 Imperial Age
41:45 Bracer
42:48 Ring Archer Armor
42:12 Elite Plumed Archer
43:17 Stone Mining
44:25 Elite Genitour
54:17 Eagle Warrior
54:58 Scale Mail Armor
56:25 Holcans
56:11 Chain Mail Armor
55:36 Elite Eagle Warrior
56:17 Squires
56:54 Forging
57:41 Plate Mail Armor
58:54 Iron Casting
60:59 Blast Furnace
59:50 Arbalester
VX | Oblígame Perro!
5:25 Loom
9:44 Feudal Age
10:20 Double-Bit Axe
16:29 Scale Barding Armor
19:11 Loom
21:12 Horse Collar
22:02 Forging
24:00 Castle Age
22:31 Bloodlines
25:47 Chain Barding Armor
31:44 Husbandry
36:00 Iron Casting
37:53 Wheelbarrow
41:58 Imperial Age
39:27 Gold Mining
41:42 Hand Cart
41:59 Cavalier
43:16 Plate Barding Armor
42:54 Bow Saw
42:45 Heavy Plow
43:53 Paladin
50:47 Scale Mail Armor
50:39 Fletching
52:10 Chain Mail Armor
51:16 Pikeman
51:57 Squires
51:43 Arson
52:33 Conscription
54:05 Light Cavalry
55:23 Winged Hussar
一串数字
4:58 Loom
11:46 Feudal Age
17:08 Castle Age
15:54 Double-Bit Axe
15:51 Horse Collar
16:53 Stone Mining
17:53 Wheelbarrow
19:32 Bow Saw
22:30 Fletching
25:29 Gold Mining
27:40 Bodkin Arrow
31:52 Padded Archer Armor
41:06 Imperial Age
39:01 Thumb Ring
40:00 Bloodlines
39:56 Husbandry
40:26 Ballistics
42:02 Gold Shaft Mining
41:43 Kasbah
42:10 Bracer
43:30 Chemistry
43:20 Conscription
44:36 Hoardings
44:23 Hand Cart
43:53 Town Watch
50:50 Leather Archer Armor
51:49 Caravan
53:14 Ring Archer Armor
52:07 Elite Camel Archer
57:20 Light Cavalry
58:11 Scale Barding Armor
58:16 Forging
57:53 Elite Genitour
61:30 Chain Barding Armor
61:45 Iron Casting
Connection lost

Rejoining the realm…

Still unreachable

The connection could not be restored.

Session expired

The server has moved on; the page needs a fresh start.